AoeStats
← GNDS Beefcake

Arabia

505340831Analyzed
1v1 RM · 24d ago on Sep 8, 2026· 33m 16s· 2 players
Game mode
Random Map
Map size
Tiny (2 player)
Population
200
Speed
Normal
Resources
Standard
Victory
Conquest
Starting age
Dark Age
Ending age
Imperial Age
RankedLock teamsTeams togetherTeam positionsShared explorationLock speedFull tech treeHidden civsTurbo modeCheats
Victory
Defeat
🇨🇴 Vietnamese · Colombia
763
+19
🇺🇸 Japanese · United States
820
-50
williamvasquez83
11:33 Feudal Age
19:25 Castle Age
18:10 Arson
18:41 Double-Bit Axe
30:36 Bow Saw
30:30 Scale Mail Armor
30:41 Forging
GNDS Beefcake
12:37 Feudal Age
15:08 Wheelbarrow
14:01 Man-at-Arms
15:00 Double-Bit Axe
21:58 Loom
22:04 Arson
24:30 Scale Mail Armor
24:45 Forging
Connection lost

Rejoining the realm…

Still unreachable

The connection could not be restored.

Session expired

The server has moved on; the page needs a fresh start.